 Dungeon Crawl Stone Soup version 0.27.1-1-g398f81649c (webtiles) character file.

Game seed: 5716398376947675690

65844 Borgoz the Basher (level 15, -14/100 HPs)
             Began as a Gargoyle Berserker on Sept 20, 2021.
             Was a High Priest of Trog.
             Splashed by an oklob plant's acid (19 damage)
             ... on level 6 of the Lair of Beasts.
             The game lasted 00:27:44 (21961 turns).

Borgoz the Basher (Gargoyle Berserker)             Turns: 21961, Time: 00:27:44

Health: -14/100    AC: 30    Str: 22    XL:     15   Next: 17%
Magic:  15/15      EV: 19    Int: 15    God:    Trog [*****.]
Gold:   792        SH:  0    Dex: 13    Spells: 14/14 levels left

rFire    + . .     SeeInvis .   F - +5 eveningstar
rCold    . . .     Faith    .   (no shield)
rNeg     + . .     Spirit   .   C - +4 ring mail {rF+}
rPois    ∞         Reflect  .   c - +0 helmet
rElec    +         Harm     .   e - +2 cloak
rCorr    .         Rampage  .   f - +0 pair of gloves
Will     +....                  (no boots)
Stlth    +.........             j - amulet of regeneration
HPRegen  1.26/turn              g - +6 ring of intelligence
MPRegen  0.14/turn              d - +4 ring of evasion

@: flying
A: sickness immunity, AC +11, big wings, negative energy resistance 1,
electricity resistance, torment resistance 1, petrification resistance
a: Renounce Religion, Berserk, Trog's Hand, Brothers in Arms


You were on level 6 of the Lair of Beasts.
You worshipped Trog.
Trog was extremely pleased with you.
You visited 2 branches of the dungeon, and saw 17 of its levels.
You also visited: Bailey.

You collected 1105 gold pieces.
You spent 313 gold pieces at shops.

Inventory:

Hand Weapons
 b - a +3 antimagic dire flail
 F - a +5 eveningstar (weapon)
Armour
 a - +0 fire dragon scales
 c - a +0 helmet (worn)
 e - a +2 cloak (worn)
 f - a +0 pair of gloves (worn)
 u - +0 steam dragon scales
 C - a +4 ring mail of fire resistance (worn)
Jewellery
 d - a +4 ring of evasion (right hand)
 g - a +6 ring of intelligence (left hand)
 j - an amulet of regeneration (around neck)
 q - an amulet of faith
 D - a ring of ice
 G - a ring of see invisible
 H - an amulet of reflection
 M - a ring of fire
Wands
 m - a wand of acid (10)
 o - a wand of iceblast (7)
 B - a wand of digging (5)
 L - a wand of flame (40)
Scrolls
 h - 2 scrolls of teleportation
 n - a scroll of identify
 r - a scroll of fear
 E - 2 scrolls of enchant weapon
 J - a scroll of summoning
 K - 3 scrolls of magic mapping
Potions
 i - 2 potions of attraction
 k - 2 potions of curing
 l - a potion of berserk rage
 p - a potion of might
 t - a potion of heal wounds
 z - a potion of ambrosia
 A - 3 potions of mutation


   Skills:
 + Level 13.8 Fighting
 + Level 14.7 Maces & Flails
 + Level 13.7 Armour
 + Level 10.9 Dodging


You had 14 spell levels left.
You didn't know any spells.
Your spell library was empty.

Dungeon Overview and Level Annotations

Branches:
Dungeon (11/15)            Temple (0/1) D:5            Lair (6/6) D:10
  Swamp (0/4) Lair:3       Spider (0/4) Lair:2        Slime (0/5) Lair:6
    Orc (0/2) D:9          Bailey (visited)

Altars:
Cheibriados
Hepliaklqana
Makhleb
Okawaru
Qazlal
Ru
Sif Muna
Wu Jian
Xom
Zin
The Shining One

Shops:
D:8 [   D:11 [

Annotations:
Lair:6 exclusion: 3 oklob plants


Innate Abilities, Weirdness & Mutations

You are immune to sickness and miasma.
Your stone body is resilient. (AC +11)
You are immune to poison.
Your large and strong wings let you fly.
You resist negative energy. (rN+)
You are resistant to electric shocks. (rElec)
You are resistant to unholy torment.
You are immune to petrification.


Message History

The oklob plant spits acid at you.
The splash of acid hits you but does no damage.
The acid corrodes you!
You are splashed with acid!!
* * * LOW HITPOINT WARNING * * *
You start resting.
You are no longer corroded.
You start resting.
HP restored.
Okay, then.
Really fly into a travel-excluded area?
The oklob plant spits acid at you. The splash of acid hits you.
The acid corrodes you!
You are splashed with acid!
The oklob plant spits acid at you. The splash of acid hits you.
You are splashed with acid!
The oklob plant spits acid at you. The splash of acid hits you.
The acid corrodes you!
You are splashed with acid!
Okay, then.
Your magical effects are unravelling.
You feel magically purged.
You are no longer corroded.
The oklob plant spits acid at you. The splash of acid misses you.
The oklob plant spits acid at you.
The splash of acid hits you but does no damage.
The acid corrodes you!
You are splashed with acid!
The oklob plant spits acid at you. The splash of acid hits you!
The acid corrodes you!
You are splashed with acid!
* * * LOW HITPOINT WARNING * * *
The oklob plant spits acid at you. The splash of acid hits you!
* * * LOW HITPOINT WARNING * * *
The acid corrodes you!
You are splashed with acid!
* * * LOW HITPOINT WARNING * * *
Your magical effects are unravelling.
You feel magically purged.
You are no longer corroded.
The oklob plant spits acid at you.
The splash of acid hits you but does no damage.
You are splashed with acid!!
You die...

#........(.......###....
##....†###......########
###.....####.##......#..
##.......# ####.........
###.....#### ##.........
#......###
#####.#.#.##.##
##.....##
.##P...##.#######
#...†.#####...>..####
##....####..@.PP.#
#.....##.........#
#.#............### #
###......##### ########


You could see 3 oklob plants.

Vanquished Creatures
  Rupert (Lair:4)
  Josephine (D:10)
  Fannar (D:11)
  11 hydras
  2 boulder beetles
  A centaur warrior (D:10)
  A catoblepas (Lair:4)
  2 two-headed ogres (D:11)
  Urug (D:11)
  Sonja (D:11)
  An orc knight (D:11)
  A wolf spider (Lair:6)
  3 manticores
  2 oklob plants
  2 cyclopes
  23 elephants
  6 black mambas
  9 cane toads
  A torpor snail (Lair:6)
  5 rime drakes
  6 komodo dragons
  2 trolls
  10 polar bears (Lair:6)
  Grinder (D:4)
  2 raiju (Lair:6)
  A hornet (D:9)
  11 dream sheep
  25 blink frogs
  A meliai zombie (D:10)
  Sigmund (D:4)
  2 redbacks (Lair:2)
  8 wraiths
  A wyvern (Lair:6)
  Grum (D:11)
  Eustachio (D:4)
  28 yaks
  2 basilisks
  2 steam dragons (D:8)
  6 vampire mosquitoes (Lair:3)
  Edmund (D:5)
  6 wargs (Lair:6)
  23 water moccasins
  13 hell hounds (Lair:6)
  An ice beast (D:7)
  2 sky beasts
  12 black bears
  A necrophage (D:8)
  7 orc warriors
  3 ogres
  41 wolves
  A centaur (D:7)
  A phantom (D:5)
  3 kobold brigands
  A gnoll sergeant (D:8)
  Blork the orc (D:4)
  10 bullfrogs
  A wyvern zombie (D:6)
  A scorpion (D:4)
  2 wyvern skeletons
  5 killer bees
  13 wights
  3 electric eels
  4 centaur zombies
  A bullfrog skeleton (D:5)
  2 gnoll shamans
  A hound (D:5)
  8 orc priests
  A centaur skeleton (D:5)
  2 iguanas
  12 orc wizards
  A hound skeleton (D:4)
  Robin (D:3)
  A howler monkey skeleton (D:5)
  20 gnolls
  9 adders
  A shadow imp (D:6)
  2 white imps
  An adder zombie (D:5)
  4 worms
  2 dart slugs
  36 orcs
  2 endoplasms (D:3)
  6 giant cockroaches
  12 hobgoblins
  35 kobolds
  2 quokkas
  4 ball pythons
  9 bats
  3 frilled lizards
  19 goblins
  7 rats
546 creatures vanquished.

Vanquished Creatures (collateral kills)
  3 blink frogs (Lair:3)
3 creatures vanquished.

Vanquished Creatures (others)
  A yak (D:11)
  A bush (Lair:6)
  28 fungi
  70 plants
100 creatures vanquished.

Grand Total: 649 creatures vanquished

Notes
Turn   | Place    | Note
-------+----------+-------------------------------------------
     0 | D:1      | Borgoz the Gargoyle Berserker began the quest for the Orb.
     0 | D:1      | Reached XP level 1. HP: 14/14 MP: 1/1
   220 | D:1      | Reached XP level 2. HP: 19/19 MP: 2/2
   472 | D:1      | Reached ** piety under Trog
   486 | D:1      | Reached XP level 3. HP: 22/23 MP: 3/3
   610 | D:1      | Found a faded altar of an unknown god.
  1591 | D:2      | Reached XP level 4. HP: 27/29 MP: 4/4
  2448 | D:3      | Found a snail-covered altar of Cheibriados.
  2725 | D:3      | Noticed Robin
  2733 | D:3      | Reached skill level 4 in Maces & Flails
  3007 | D:3      | Killed Robin
  3191 | D:3      | Found a shimmering blue altar of Sif Muna.
  3322 | D:3      | Reached XP level 5. HP: 31/33 MP: 5/5
  3371 | D:4      | Noticed Grinder
  3383 | D:4      | Killed Grinder
  3384 | D:4      | Reached skill level 5 in Maces & Flails
  3384 | D:4      | Reached XP level 6. HP: 39/39 MP: 6/6
  3678 | D:4      | Found a hazy altar of Hepliaklqana.
  3788 | D:4      | Identified the ring "Fiunig" {rElec rPois Will- AC+4 Dex+2}
  3868 | D:4      | Noticed Blork the orc
  3878 | D:4      | Killed Blork the orc
  3878 | D:4      | Reached *** piety under Trog
  3879 | D:4      | Reached XP level 7. HP: 44/44 MP: 7/7
  3891 | D:4      | Found a sacrificial altar of Ru.
  4257 | D:4      | Found an iron altar of Okawaru.
  4309 | D:4      | Noticed Eustachio
  4309 | D:4      | Noticed Sigmund
  4317 | D:4      | Reached skill level 5 in Fighting
  4350 | D:4      | Killed Eustachio
  4351 | D:4      | Reached skill level 6 in Maces & Flails
  4407 | D:4      | Killed Sigmund
  4408 | D:4      | Reached XP level 8. HP: 50/50 MP: 8/8
  4615 | D:5      | Entered Level 5 of the Dungeon
  4615 | D:5      | Found a staircase to the Ecumenical Temple.
  4625 | D:5      | Reached skill level 5 in Armour
  4839 | D:5      | Noticed Edmund
  4863 | D:5      | Killed Edmund
  5036 | D:5      | Reached skill level 7 in Maces & Flails
  5644 | D:5      | Found a shimmering altar of Xom.
  5788 | D:6      | Reached XP level 9. HP: 55/55 MP: 9/9
  5869 | D:6      | Reached **** piety under Trog
  5911 | D:6      | Reached skill level 8 in Maces & Flails
  6784 | D:7      | Found an ornate altar of the Wu Jian Council.
  6795 | D:7      | Reached skill level 5 in Dodging
  7111 | D:7      | Reached skill level 9 in Maces & Flails
  7602 | D:7      | Found a glowing golden altar of the Shining One.
  7816 | D:7      | Noticed a manticore
  7832 | D:7      | Killed a manticore
  7833 | D:7      | Reached XP level 10. HP: 28/64 MP: 10/10
  8123 | D:8      | Found Nufatz's Armour Boutique.
  8199 | D:8      | Found a burning altar of Makhleb.
  9781 | D:9      | Reached skill level 10 in Maces & Flails
 10051 | D:9      | Reached ***** piety under Trog
 10406 | D:9      | Found a staircase to the Orcish Mines.
 10762 | D:10     | Entered Level 10 of the Dungeon
 10811 | D:10     | Found a staircase to the Lair.
 10920 | D:10     | Noticed an oklob plant
 10985 | D:10     | Noticed Josephine
 11003 | D:10     | Killed Josephine
 11004 | D:10     | Reached XP level 11. HP: 69/69 MP: 11/11
 11025 | D:10     | HP: 3/69 [wraith[Josephine] (5)]
 11029 | D:10     | Reached skill level 11 in Maces & Flails
 11587 | D:10     | Found a glowing silver altar of Zin.
 11647 | D:10     | Noticed a centaur warrior
 11650 | D:10     | Noticed a cyclops
 11660 | D:10     | Killed a centaur warrior
 11669 | D:10     | Killed a cyclops
 11986 | D:11     | Noticed a manticore
 11998 | D:11     | Killed a manticore
 12038 | D:11     | Found a stormy altar of Qazlal.
 12063 | D:11     | Found a flagged portal.
 12088 | Bailey   | Entered a bailey
 12410 | Bailey   | Found a burning altar of Makhleb.
 12440 | Bailey   | Identified the +5 arbalest of Severance {penet, Int+3}
 12531 | D:11     | Noticed an orc knight
 12547 | D:11     | Killed an orc knight
 12613 | D:11     | Noticed Urug
 12638 | D:11     | Killed Urug
 13086 | D:11     | Noticed Sonja
 13087 | D:11     | Noticed Fannar
 13088 | D:11     | Noticed a two-headed ogre
 13098 | D:11     | Killed Fannar
 13102 | D:11     | Killed a two-headed ogre
 13103 | D:11     | Reached skill level 10 in Fighting
 13111 | D:11     | Killed Sonja
 13112 | D:11     | Reached skill level 12 in Maces & Flails
 13112 | D:11     | Reached XP level 12. HP: 36/77 MP: 12/12
 13389 | D:11     | Noticed a two-headed ogre
 13395 | D:11     | Killed a two-headed ogre
 13546 | D:11     | Reached skill level 10 in Armour
 13557 | D:11     | Noticed an eight-headed hydra
 13566 | D:11     | Killed an eight-headed hydra
 13770 | D:11     | Noticed Grum
 13788 | D:11     | Killed Grum
 13850 | D:11     | Found Dimeyc's Antique Armour Shoppe.
 13858 | D:11     | Bought a jewelled chain mail for 313 gold pieces
 13858 | D:11     | Identified the +1 chain mail of Twilight {Int+4} (You
                  | bought it in a shop on level 11 of the Dungeon)
 14293 | Lair:1   | Entered Level 1 of the Lair of Beasts
 15567 | Lair:1   | Reached ****** piety under Trog
 16185 | Lair:2   | Received a gift from Trog
 16295 | Lair:2   | Reached XP level 13. HP: 29/84 MP: 13/13
 16661 | Lair:2   | Found a hole to the Spider Nest.
 16823 | Lair:2   | Reached skill level 13 in Maces & Flails
 18396 | Lair:3   | Found a staircase to the Swamp.
 18985 | Lair:4   | Noticed Rupert
 18985 | Lair:4   | Paralysed by Rupert for 4 turns
 19000 | Lair:4   | Killed Rupert
 19048 | Lair:4   | Gained mutation: Your large and strong wings let you fly.
                  | [Gargoyle growth]
 19048 | Lair:4   | Reached XP level 14. HP: 63/92 MP: 14/14
 19793 | Lair:5   | Reached skill level 10 in Dodging
 19932 | Lair:5   | Reached skill level 14 in Maces & Flails
 20457 | Lair:6   | Entered Level 6 of the Lair of Beasts
 21335 | Lair:6   | Received a gift from Trog
 21363 | Lair:6   | Reached XP level 15. HP: 83/99 MP: 15/15
 21821 | Lair:6   | Found a staircase to the Slime Pits.
 21959 | Lair:6   | HP: 2/100 [acid (14)]
 21961 | Lair:6   | Splashed by an oklob plant's acid

Illustrated notes

Levels and vault maps discovered:
D:1:      dpeg_arrival_rooms_a, layout_loops_ring,
          chequers_ecumenical_altar_grove, minivault_25
D:2:      layout_rooms, nrook_loot_triangle, ebering_dispersal_statue_hall
D:3:      layout_basic, cheibrodos_worm_habitat, mainiacjoe_overflow_alcove_1,
          uniq_robin
D:4:      layout_rooms, nicolae_ru_sacrificial_ziggurat,
          nzn_hepliaklqana_mist_gate, lemuel_doored_altar, uniq_blork_the_orc,
          uniq_eustachio, uniq_grinder, uniq_sigmund
D:5:      layout_gridville, mainiacjoe_overflow_alcove_4,
          minmay_temple_entry_trees, uniq_edmund
D:6:      layout_loops_ring
D:7:      layout_cave_pods, kennysheep_mini,
          mainiacjoe_overflow_surrounded_room, serial_bayou_lagoon_b
D:8:      layout_loops_cross, amcnicky_altar_gilded, serial_shops,
          nicolae_square_shop
D:9:      layout_loops_ring, erik_orc_4, minmay_misc_feat_more_columns
D:10:     layout_gridville, zin_statuary, dpeg_oklobed_lair, minivault_14,
          uniq_josephine
D:11:     minmay_inside_and_out, layout_loops_ring, enter_bailey_7,
          serial_shops, nicolae_square_shop, hangedman_decor_clover_reticule,
          nicolae_qazlal_scattered_showers, uniq_grum, uniq_urug, uniq_fannar,
          uniq_sonja
Lair:1:   layout_concentric_octagons, serial_bayou_shore_b, grunt_megastairs_4,
          serial_bayou_shore_a
Lair:2:   layout_cave_pods, spider_nest_entry_webs, grunt_megastairs_2
Lair:3:   layout_chaotic_city, minmay_swamp_entry_swarm,
          grunt_forest_stairs_basic, nzn_sisyphean_effort
Lair:4:   layout_hall_layers, mumra_transporter_accident, uniq_rupert
Lair:5:   layout_regular_city
Lair:6:   hangedman_lair_caniforms_friends, layout_regular_city,
          minmay_slime_entry_oklob_enclosed, wad_woods_road_03

Skill      XL: |  1  2  3  4  5  6  7  8  9 10 11 12 13 14 |
---------------+-------------------------------------------+-----
Dodging        | 2 3 4 5 6 7 8 9 10 | 10.9
Maces & Flails | 4 5 6 7 9 10 12 13 14 | 14.7
Armour         | 3 4 5 7 8 9 11 12 13 | 13.7
Fighting       | 4 5 6 7 8 10 11 12 13 | 13.8

Action                   |  1- 3 |  4- 6 |  7- 9 | 10-12 | 13-15 || total
-------------------------+-------+-------+-------+-------+-------++-------
Melee: Mace              |   119 |   196 |   142 |       |       ||   457
       Flail             |       |       |   239 |    71 |       ||   310
       Dire flail        |       |       |       |   342 |       ||   342
       Eveningstar       |       |       |       |   344 |   960 ||  1304
Throw: Throwing net      |       |       |       |     1 |       ||     1
Invok: Berserk           |     1 |     4 |     8 |     7 |     8 ||    28
       Trog's Hand       |       |     1 |     4 |     3 |     3 ||    11
       Brothers in Arms  |       |       |       |       |     2 ||     2
Evoke: Wand              |       |       |       |    10 |    21 ||    31
  Use: Potion            |       |     3 |     3 |     3 |     5 ||    14
       Scroll            |       |     2 |     5 |    14 |     6 ||    27
 Stab: Sleeping          |     1 |       |       |       |       ||     1
       Invisible         |       |       |       |       |     2 ||     2
       Petrified         |       |       |       |       |     1 ||     1
Armor: Animal skin       |    46 |    48 |       |       |       ||    94
       Ring mail         |       |    56 |   240 |   231 |   741 ||  1268
       Skin              |       |       |    19 |       |       ||    19
       Steam dragon scal |       |       |       |   201 |       ||   201
Dodge: Dodged            |   107 |   159 |   262 |   551 |  1184 ||  2263
